 Dungeon Crawl Stone Soup version 0.26-a0-660-gc07710193c (webtiles) character file.

Game seed: 5973178663363968408

13692 pichaelthompson the Blocker (level 12, 0/96 HPs)
             Began as a Gnoll Fighter on Oct 7, 2020.
             Was a Priest of Ashenzari.
             Killed from afar by an orc sorcerer (29 damage)
             ... with a bolt of fire
             ... on level 1 of the Orcish Mines.
             The game lasted 00:33:14 (13998 turns).

pichaelthompson the Blocker (Gnoll Fighter)        Turns: 13998, Time: 00:33:15

Health: 0/96       AC: 20    Str: 19    XL:     12   Next: 8%
Magic:  22/22      EV:  9    Int: 11    God:    Ashenzari [***...]
Gold:   1630       SH: 14    Dex: 19    Spells: 24/24 levels left

rFire    . . .     SeeInvis +   a - +4 long sword (freeze) (curse)
rCold    . . .     Faith    .   c - +1 kite shield (curse)
rNeg     . . .     Spirit   .   C - +0 plate armour
rPois    +         Reflect  .   z - +0 helmet
rElec    .         Harm     .   G - +0 cloak
rCorr    .         Rampage  .   m - +2 pair of gloves
MR       ++...                  (no boots)
Stlth    ..........             E - amulet of regeneration
HPRegen  0.66/turn              p - ring of protection from magic
MPRegen  0.18/turn              (no ring)

@: lightly drained
A: distributed training, fangs 1, magic resistance 1, poison resistance,
screaming 1, strong nose
a: Curse Item, Scrying, Renounce Religion


You were on level 1 of the Orcish Mines.
You worshipped Ashenzari.
Ashenzari was most pleased with you.
You visited 3 branches of the dungeon, and saw 15 of its levels.

You collected 1669 gold pieces.
You spent 39 gold pieces at shops.

Inventory:

Hand Weapons
 a - a cursed +4 long sword of freezing (weapon)
 A - a +4 falchion
Missiles
 K - 14 boomerangs (quivered)
Armour
 c - a cursed +1 kite shield (worn)
 m - a +2 pair of gloves (worn)
 z - a +0 helmet (worn)
 C - a +0 plate armour (worn)
 G - a +0 cloak (worn)
Jewellery
 p - a ring of protection from magic (left hand)
 E - an amulet of regeneration (around neck)
Wands
 t - a wand of disintegration (27)
 v - a wand of flame (11)
 B - a wand of polymorph (8)
 F - a wand of random effects (12)
Scrolls
 h - 6 scrolls of remove curse
 j - 11 scrolls of teleportation
 l - 2 scrolls of fog
 o - 2 scrolls of blinking
 r - 2 scrolls of random uselessness {unknown}
 x - a scroll of amnesia
 D - 2 scrolls of magic mapping {unknown}
 H - a scroll of enchant weapon {unknown}
Potions
 b - a potion of resistance {unknown}
 d - a potion of might
 e - a potion of mutation
 f - 9 potions of curing
 g - 2 potions of cancellation
 i - 2 potions of haste
 k - 3 potions of heal wounds
 n - 2 potions of brilliance
 q - 3 potions of lignification
 s - a potion of magic {unknown}
 u - 2 potions of flight
 w - 2 potions of stabbing {unknown}
 J - a potion of degeneration {unknown}


   Skills:
 + Level 9.6(8.9) Fighting
 + Level 6.9(6.3) Short Blades
 + Level 8.4(10.6) Long Blades
 + Level 6.9(6.3) Axes
 + Level 6.9(6.3) Maces & Flails
 + Level 6.9(6.3) Polearms
 + Level 6.9(6.3) Staves
 + Level 6.9(6.3) Slings
 + Level 6.9(6.3) Bows
 + Level 6.9(6.3) Crossbows
 + Level 6.9(6.3) Throwing
 + Level 9.6(8.9) Armour
 + Level 6.9(6.3) Dodging
 + Level 6.9(6.3) Stealth
 + Level 9.6(10.7) Shields
 + Level 6.9(6.3) Unarmed Combat
 + Level 6.9(6.3) Spellcasting
 + Level 5.7(5.1) Conjurations
 + Level 5.7(5.1) Hexes
 + Level 5.7(5.1) Summonings
 + Level 5.7(5.1) Necromancy
 + Level 5.7(5.1) Translocations
 + Level 5.7(5.1) Transmutations
 + Level 5.7(5.1) Fire Magic
 + Level 5.7(5.1) Ice Magic
 + Level 5.7(5.1) Air Magic
 + Level 5.7(5.1) Earth Magic
 + Level 5.7(5.1) Poison Magic
 + Level 7.6(7.0) Invocations
 + Level 6.9(6.3) Evocations


You had 24 spell levels left.
You didn't know any spells.
Your spell library contained the following spells:

 Spells                   Type           Power        Failure   Level
 Magic Dart               Conj           ##..         63%         1
 Blink                    Tloc           N/A          77%         2
 Call Imp                 Summ           ##......     77%         2
 Corpse Rot               Necr/Air       N/A          77%         2
 Slow                     Hex            ##......     77%         2
 Sublimation of Blood     Necr           ##........   77%         2
 Conjure Flame            Conj/Fire      ##......     94%         3
 Mephitic Cloud           Conj/Pois/Air  ##......     94%         3
 Stone Arrow              Conj/Erth      ##....       94%         3
 Dispel Undead            Necr           ##......     100%        4
 Agony                    Necr           ##......     100%        5
 Bolt of Magma            Conj/Fire/Erth ##........   100%        5
 Excruciating Wounds      Necr           ##........   100%        5
 Iskenderun's Battlesphe  Conj           ##......     100%        5
 Summon Forest            Summ/Tloc      ##........   100%        5
 Eringya's Noxious Bog    Tmut/Pois      ##........   100%        6
 Hydra Form               Tmut           ##........   100%        6
 Iron Shot                Conj/Erth      ##........   100%        6
 Orb of Destruction       Conj           ##........   100%        7
 Spellforged Servitor     Conj/Summ      ##........   100%        7
 Summon Hydra             Summ           ##........   100%        7


Dungeon Overview and Level Annotations

Branches:
Dungeon (12/15)            Temple (1/1) D:6            Lair (0/6) D:8
    Orc (2/2) D:11            Elf (0/3) Orc:2

Altars:
Ashenzari
Cheibriados
Dithmenos
Elyvilon
Fedhas
Gozag
Hepliaklqana
Kikubaaqudgha
Makhleb
Nemelex Xobeh
Okawaru
Qazlal
Ru
Sif Muna
Trog
Uskayaw
Vehumet
Wu Jian
Xom
Yredelemnul
Zin
The Shining One
Beogh

Shops:
D:4 *[!!*

Portals:
Trove: D:10 (give +8 demon trident)

Annotations:
D:5 2 transporters
D:8 exclusions: ice statue and obsidian statue
Orc:1 4 transporters, pichaelthompson's ghost, journeyman GnFi


Innate Abilities, Weirdness & Mutations

Your experience applies equally to all skills.
You have very sharp teeth.
Your uncanny sense of smell can sniff out nearby items.
You are resistant to hostile enchantments. (MR+)
Your system is resistant to poisons. (rPois)
You occasionally shout uncontrollably at your foes.


Message History

Beogh smites you!
The orc sorcerer points at you and mumbles some strange words.
The bolt of negative energy hits you!!
You feel drained.
The orc high priest mumbles some strange prayers to Beogh.
Things that are here:
a +0 mace; a +0 hand axe
There is a stone staircase leading up, spattered with blood here.
The orc priest invokes the aid of Beogh against you.
Beogh smites you!
* * * LOW HITPOINT WARNING * * *
You block the orc sorcerer's attack.
You climb upwards.
Level annotation: 4 transporters, pichaelthompson's ghost, journeyman GnFi
There is a stone staircase leading down, spattered with blood here.
Things that are here:
an uncursed ring of flight; an uncursed ring of ice The orc sorcerer curses repeatedly.
The orc sorcerer points at you and mumbles some strange words.
The bolt of fire hits you!!
You die...

....###
#.....#.....######... ...##
####...##....### #.... #.##
#.##...####....# ##... ###
#......# #....## ##.#
##....#####.....# ### ###
##....##......## ##.. #.#
##....#.....## #... ##.##
##........## #...
###...######[@)...### ##..
##......##.##oo)...# #..
##............[.[...#####
##.
#.....###...............##
#.. ###....#
##.....#.#.......## #..
......####......####.......#
##.
#.##....#........####.....##
#.
####..............##.....##
#. ##...................##
##


You could see an orc knight and an orc sorcerer (strong).

Vanquished Creatures
  Fannar (D:12)
  Erolcha (D:11)
  A two-headed ogre (D:11)
  A deep troll (D:10)
  3 orc knights
  A cyclops (D:10)
  2 orc sorcerers
  A komodo dragon (D:10)
  3 trolls
  A hornet (D:8)
  A wraith (D:11)
  A wyvern (D:11)
  2 vampire mosquitoes (D:11)
  A warg (Orc:2)
  23 orc warriors
  An ice beast (D:10)
  2 sky beasts (D:10)
  2 phantoms
  2 black bears
  12 ogres
  4 centaurs
  6 bullfrogs
  A scorpion (D:11)
  11 wights
  An electric eel (D:10)
  A howler monkey (D:8)
  A centaur zombie (D:5)
  2 quasits (D:10)
  3 jellies
  14 orc priests
  A bullfrog zombie (D:10)
  5 hounds
  A centaur skeleton (D:4)
  Jessica (D:3)
  15 orc wizards
  10 worker ants
  Ijyb (D:5)
  A hound zombie (D:10)
  A howler monkey zombie (D:5)
  11 adders
  3 white imps
  2 ufetubi
  An ooze (D:3)
  2 adder skeletons
  3 dart slugs
  2 leopard geckos (D:5)
  84 orcs
  4 bats
  A giant cockroach (D:1)
  8 goblins
  4 hobgoblins
  2 jackals (D:2)
  7 quokkas
  2 ball pythons
  2 frilled lizards
  A giant cockroach zombie (D:5)
  8 kobolds
  A leopard gecko skeleton (D:4)
  5 rats
295 creatures vanquished.

Vanquished Creatures (others)
  16 plants (D:10)
16 creatures vanquished.

Grand Total: 311 creatures vanquished

Notes
Turn   | Place    | Note
-------+----------+-------------------------------------------
     0 | D:1      | pichaelthompson the Gnoll Fighter began the quest for the
                  | Orb.
     0 | D:1      | Reached XP level 1. HP: 23/23 MP: 1/1
   178 | D:1      | Reached XP level 2. HP: 29/29 MP: 2/2
   633 | D:2      | Reached XP level 3. HP: 30/35 MP: 3/3
  1212 | D:3      | Reached skill level 1 in Invocations
  1399 | D:3      | Reached skill level 1 in Short Blades
  1399 | D:3      | Reached skill level 1 in Axes
  1399 | D:3      | Reached skill level 1 in Maces & Flails
  1399 | D:3      | Reached skill level 1 in Polearms
  1399 | D:3      | Reached skill level 1 in Staves
  1399 | D:3      | Reached skill level 1 in Slings
  1399 | D:3      | Reached skill level 1 in Bows
  1399 | D:3      | Reached skill level 1 in Crossbows
  1399 | D:3      | Reached skill level 1 in Throwing
  1399 | D:3      | Reached skill level 1 in Dodging
  1399 | D:3      | Reached skill level 1 in Stealth
  1399 | D:3      | Reached skill level 1 in Unarmed Combat
  1399 | D:3      | Reached skill level 1 in Spellcasting
  1399 | D:3      | Reached skill level 1 in Evocations
  1696 | D:4      | Noticed an ogre
  1701 | D:4      | Killed an ogre
  1701 | D:4      | Reached skill level 1 in Conjurations
  1701 | D:4      | Reached skill level 1 in Hexes
  1701 | D:4      | Reached skill level 1 in Summonings
  1701 | D:4      | Reached skill level 1 in Necromancy
  1701 | D:4      | Reached skill level 1 in Translocations
  1701 | D:4      | Reached skill level 1 in Transmutations
  1701 | D:4      | Reached skill level 1 in Fire Magic
  1701 | D:4      | Reached skill level 1 in Ice Magic
  1701 | D:4      | Reached skill level 1 in Air Magic
  1701 | D:4      | Reached skill level 1 in Earth Magic
  1701 | D:4      | Reached skill level 1 in Poison Magic
  1701 | D:4      | Reached XP level 4. HP: 17/41 MP: 4/6
  1701 | D:4      | Reached XP level 5. HP: 19/47 MP: 4/7
  1972 | D:4      | Found Fuyphuahol's Antique Armour Shoppe.
  2022 | D:3      | Found a snail-covered altar of Cheibriados.
  2022 | D:3      | Noticed Jessica
  2030 | D:3      | Killed Jessica
  2142 | D:4      | Found a shimmering blue altar of Sif Muna.
  2194 | D:4      | Found Unehopsi's Distillery.
  2200 | D:4      | Reached XP level 6. HP: 53/53 MP: 8/8
  2203 | D:4      | Bought a potion of curing for 39 gold pieces
  2218 | D:4      | Found Wumosame's Assorted Antiques.
  2361 | D:4      | Reached skill level 5 in Long Blades
  2446 | D:4      | Found Curphis's Assorted Antiques.
  2464 | D:4      | Found a sacrificial altar of Ru.
  2503 | D:4      | Found a sacrificial altar of Ru.
  2740 | D:4      | Found Targhumu's Distillery.
  2884 | D:5      | Entered Level 5 of the Dungeon
  2884 | D:5      | Found a transporter.
  2908 | D:5      | Reached XP level 7. HP: 40/59 MP: 10/10
  3051 | D:5      | Noticed Ijyb
  3065 | D:5      | Killed Ijyb
  3106 | D:5      | Found a transporter.
  3168 | D:5      | Found a stormy altar of Qazlal.
  3772 | D:5      | Gained mutation: Your system is resistant to poisons.
                  | (rPois) [potion of mutation]
  3772 | D:5      | Gained mutation: You occasionally shout uncontrollably at
                  | your foes. [potion of mutation]
  3772 | D:5      | Gained mutation: You are resistant to hostile enchantments.
                  | (MR+) [potion of mutation]
  3814 | D:6      | Reached XP level 8. HP: 53/67 MP: 12/12
  3940 | D:6      | Found a staircase to the Ecumenical Temple.
  3958 | Temple   | Entered the Ecumenical Temple
  3963 | Temple   | Became a worshipper of Ashenzari the Shackled
  5429 | D:7      | Found a bloodstained altar of Trog.
  5501 | D:7      | Found an ornate altar of the Wu Jian Council.
  5503 | D:7      | Found a glowing golden altar of the Shining One.
  5523 | D:7      | Found a hide-covered altar of Uskayaw.
  5523 | D:7      | Found an iron altar of Okawaru.
  5993 | D:8      | Found a staircase to the Lair.
  6201 | D:7      | Reached XP level 9. HP: 50/72 MP: 14/14
  6755 | D:8      | Found a basalt altar of Yredelemnul.
  6781 | D:8      | Reached * piety under Ashenzari
  7231 | D:8      | Noticed an obsidian statue
  7280 | D:8      | Noticed an ice statue
  7305 | D:8      | Noticed a hornet
  7319 | D:8      | Killed a hornet
  7898 | D:9      | Reached skill level 5 in Invocations
  8264 | D:9      | Found Itucw's Jewellery Shoppe.
  8388 | D:10     | Entered Level 10 of the Dungeon
  8467 | D:10     | Found a portal to a secret trove of treasure.
  8903 | D:11     | Reached XP level 10. HP: 48/80 MP: 17/17
  8977 | D:11     | Reached skill level 5 in Short Blades
  8977 | D:11     | Reached skill level 5 in Axes
  8977 | D:11     | Reached skill level 5 in Maces & Flails
  8977 | D:11     | Reached skill level 5 in Polearms
  8977 | D:11     | Reached skill level 5 in Staves
  8977 | D:11     | Reached skill level 5 in Slings
  8977 | D:11     | Reached skill level 5 in Bows
  8977 | D:11     | Reached skill level 5 in Crossbows
  8977 | D:11     | Reached skill level 5 in Throwing
  8977 | D:11     | Reached skill level 5 in Dodging
  8977 | D:11     | Reached skill level 5 in Stealth
  8977 | D:11     | Reached skill level 5 in Unarmed Combat
  8977 | D:11     | Reached skill level 5 in Spellcasting
  8977 | D:11     | Reached skill level 5 in Evocations
  9176 | D:10     | Noticed a two-headed ogre
  9199 | D:11     | Killed a two-headed ogre
  9585 | D:10     | Noticed a deep troll
  9607 | D:10     | Killed a deep troll
  9769 | D:10     | Noticed a cyclops
  9778 | D:10     | Killed a cyclops
  9778 | D:10     | Reached XP level 11. HP: 74/87 MP: 19/19
 10087 | D:11     | Found a staircase to the Orcish Mines.
 10254 | D:11     | Reached ** piety under Ashenzari
 10811 | D:11     | Noticed Erolcha
 10821 | D:11     | Killed Erolcha
 10821 | D:11     | Reached skill level 5 in Conjurations
 10821 | D:11     | Reached skill level 5 in Hexes
 10821 | D:11     | Reached skill level 5 in Summonings
 10821 | D:11     | Reached skill level 5 in Necromancy
 10821 | D:11     | Reached skill level 5 in Translocations
 10821 | D:11     | Reached skill level 5 in Transmutations
 10821 | D:11     | Reached skill level 5 in Fire Magic
 10821 | D:11     | Reached skill level 5 in Ice Magic
 10821 | D:11     | Reached skill level 5 in Air Magic
 10821 | D:11     | Reached skill level 5 in Earth Magic
 10821 | D:11     | Reached skill level 5 in Poison Magic
 10923 | D:12     | Noticed Fannar
 10935 | D:12     | Killed Fannar
 11140 | Orc:1    | Entered Level 1 of the Orcish Mines
 11140 | Orc:1    | Found a transporter.
 11141 | Orc:1    | Found a shimmering altar of Xom.
 11196 | Orc:1    | Noticed pichaelthompson's ghost (journeyman GnFi)
 11197 | Orc:1    | Noticed a moth of wrath
 11198 | Orc:1    | Noticed a moth of wrath
 11240 | Orc:1    | Found a transporter.
 11240 | Orc:1    | Noticed an orc sorcerer
 11242 | Orc:1    | Noticed an orc knight
 11345 | D:11     | Killed an orc knight
 11443 | D:11     | Killed an orc sorcerer
 11993 | Orc:1    | Noticed an orc sorcerer
 11993 | Orc:1    | Noticed an orc knight
 11994 | Orc:1    | Found a roughly hewn altar of Beogh.
 11994 | Orc:1    | Noticed an orc sorcerer
 12122 | Orc:1    | Found a transporter.
 12124 | Orc:1    | Found a transporter.
 12129 | Orc:1    | Noticed an orc warlord
 12423 | Orc:2    | Entered Level 2 of the Orcish Mines
 12609 | Orc:2    | Noticed an orc knight
 12719 | Orc:1    | Killed an orc knight
 12875 | Orc:2    | Reached *** piety under Ashenzari
 12891 | Orc:2    | Noticed an orc sorcerer
 12900 | Orc:2    | Killed an orc sorcerer
 12908 | Orc:2    | Noticed an orc knight
 13111 | Orc:1    | Killed an orc knight
 13111 | Orc:1    | Reached XP level 12. HP: 41/96 MP: 22/22
 13276 | Orc:2    | Found a staircase to the Elven Halls.
 13910 | Orc:2    | Noticed an orc high priest
 13910 | Orc:2    | Noticed an orc high priest
 13998 | Orc:1    | Killed from afar by an orc sorcerer

Illustrated notes

Levels and vault maps discovered:
D:1:      dpeg_arrival_simpleton_b, layout_rooms
D:2:      layout_basic
D:3:      lemuel_upstairs_altar, layout_basic, uniq_jessica
D:4:      minmay_inner_zag, layout_loops_cross, old_standard_altar,
          lemuel_doored_altar, serial_shops, nicolae_shop_statue_plus,
          kennysheep_little_box, nicolae_shop_stone, nicolae_shop_statue_plus,
          shop, nicolae_ru_great_annihilating_truth
D:5:      gammafunk_steamed_eel, layout_cave_pools,
          nicolae_qazlal_general_emergency, uniq_ijyb
D:6:      layout_basic, minmay_temple_entry_offerings
D:7:      layout_cave_pools, nicolae_overflow_quartered_altars,
          nicolae_overflow_crystal_walls, corner_web_ring
D:8:      minmay_separated_statues, layout_basic,
          nicolae_overflow_hidden_temple, lair_entry_dummy
D:9:      layout_roguey, serial_shops, shop
D:10:     wad_statue_garden, layout_rooms, enter_trove_6, serial_bayou_pond_c
D:11:     layout_basic, hiddenorc2_lemuel, nrook_campfire, uniq_erolcha
D:12:     layout_small_grid, uniq_fannar
Temple:   cyrus_circular_temple
Orc:1:    gammafunk_beogh_shrine, layout_diamond_mine,
          gammafunk_ghost_berserking_beasts, basic_altar
Orc:2:    st_orc_elflike, layout_diamond_mine

Skill      XL: |  1  2  3  4  5  6  7  8  9 10 11 |
---------------+----------------------------------+-----
Invocations    | 1 2 3 4 5 6 7 |  7.6
Short Blades   | 1 2 3 4 5 6 |  6.9
Axes           | 1 2 3 4 5 6 |  6.9
Maces & Flails | 1 2 3 4 5 6 |  6.9
Polearms       | 1 2 3 4 5 6 |  6.9
Staves         | 1 2 3 4 5 6 |  6.9
Slings         | 1 2 3 4 5 6 |  6.9
Bows           | 1 2 3 4 5 6 |  6.9
Crossbows      | 1 2 3 4 5 6 |  6.9
Throwing       | 1 2 3 4 5 6 |  6.9
Dodging        | 1 2 3 4 5 6 |  6.9
Stealth        | 1 2 3 4 5 6 |  6.9
Unarmed Combat | 1 2 3 4 5 6 |  6.9
Spellcasting   | 1 2 3 4 5 6 |  6.9
Evocations     | 1 2 3 4 5 6 |  6.9
Conjurations   | 1 2 3 4 5 |  5.7
Hexes          | 1 2 3 4 5 |  5.7
Summonings     | 1 2 3 4 5 |  5.7
Necromancy     | 1 2 3 4 5 |  5.7
Translocations | 1 2 3 4 5 |  5.7
Transmutations | 1 2 3 4 5 |  5.7
Fire Magic     | 1 2 3 4 5 |  5.7
Ice Magic      | 1 2 3 4 5 |  5.7
Air Magic      | 1 2 3 4 5 |  5.7
Earth Magic    | 1 2 3 4 5 |  5.7
Poison Magic   | 1 2 3 4 5 |  5.7
Long Blades    | 5 6 7 8 |  8.4
Fighting       | 7 8 9 |  9.6
Armour         | 7 8 9 |  9.6
Shields        | 7 8 9 |  9.6

Action                   |  1- 3 |  4- 6 |  7- 9 | 10-12 || total
-------------------------+-------+-------+-------+-------++-------
Melee: Long sword        |   107 |    94 |   348 |   610 ||  1159
       Bite              |     8 |    13 |    70 |    81 ||   172
       Falchion          |       |       |    43 |       ||    43
Throw: Boomerang         |       |       |       |    15 ||    15
Invok: Curse Item        |       |       |     1 |     1 ||     2
Evoke: Wand              |       |       |       |    11 ||    11
  Use: Scroll            |       |       |    13 |     1 ||    14
       Potion            |       |       |     1 |     2 ||     3
 Stab: Paralysed         |       |     1 |       |       ||     1
Armor: Scale mail        |    25 |    29 |    93 |       ||   147
       Plate armour      |       |       |    53 |   251 ||   304
Dodge: Dodged            |    35 |    29 |   113 |   156 ||   333
Block: Kite shield       |    53 |    74 |   280 |   439 ||   846
       Rpst.: Long sword |    10 |    10 |    25 |    36 ||    81
       Falchion          |       |       |     2 |       ||     2

Table legend: (Time is in decaauts)
 A = Elapsed time spent in this place.
 B = Non-inter-level travel time spent in this place.
 C = Inter-level travel time spent in this place.
 D = Time resting spent in this place.
 E = Time spent auto-exploring this place.
 F = Levels seen in this place.
 G = Mean time per level.
                   A        B        C        D        E       F      G
               +--------+--------+--------+--------+--------+-----+--------+
         Total |  14178 |  14040 |    138 |   1764 |   8008 |  15 |  945.2 |
       Dungeon |  11551 |  11413 |    138 |   1230 |   6927 |  12 |  962.6 |
        Temple |     62 |     62 |      0 |      0 |     44 |   1 |   62.0 |
  Orcish Mines |   2563 |   2563 |      0 |    534 |   1037 |   2 | 1281.5 |
               +--------+--------+--------+--------+--------+-----+--------+

Top non-repeatable levels by time:
    D:11: 1609 daAuts
   Orc:1: 1549 daAuts
     D:8: 1530 daAuts
     D:7: 1353 daAuts
     D:4: 1254 daAuts
    D:10: 1065 daAuts
   Orc:2: 1014 daAuts
     D:5: 973 daAuts
     D:6: 882 daAuts
     D:2: 823 daAuts
     D:9: 810 daAuts
     D:3: 595 daAuts
     D:1: 461 daAuts
    D:12: 191 daAuts
  Temple: 62 daAuts
